 Dungeon Crawl Stone Soup version 0.30-a0-748-ge6a52f7cba (webtiles) character file.

Game seed: 16850169883532379578

541 retardedninja the Ruffian (level 7, -3/60 HPs)
             Began as a Ghoul Gladiator on Feb 8, 2023.
             Slain by an ogre
             ... wielding a +0 giant club
              (14 damage)
             ... on level 5 of the Dungeon.
             The game lasted 00:05:30 (3961 turns).

retardedninja the Ruffian (Ghoul Gladiator)         Turns: 3961, Time: 00:05:31

Health: -3/60      AC: 13    Str: 26    XL:     7   Next: 26%
Magic:  6/6        EV:  7    Int:  3    God:
Gold:   267        SH:  0    Dex: 10    Spells: 6/6 levels left

rFire   . . .      SeeInvis .      - Unarmed
rCold   + . .      Faith    .    (no shield)
rNeg    + + +      Spirit   .    p - +1 plate armour
rPois   ∞          Reflect  .    b - +0 helmet
rElec   .          Harm     .    (no cloak)
rCorr   .          Rampage  .    (no gloves)
Will    .....                    q - +0 pair of boots Stlth
                                 (no amulet)
HPRegen 0.00/turn                j - +6 ring of strength
MPRegen 0.10/turn                (no ring)

@: inhibited regen
A: claws 1, cold resistance 1, negative energy resistance 3, inhibited
regeneration, torment resistance 2, devour on kill
a: no special abilities


You were on level 5 of the Dungeon.
You visited 1 branch of the dungeon, and saw 5 of its levels.

You collected 267 gold pieces.

Inventory:

Missiles
 c - 3 throwing nets (quivered)
 d - a javelin
 v - 6 boomerangs
Armour
 b - a +0 helmet (worn)
 p - a +1 plate armour (worn)
 q - a +0 pair of boots (worn)
Jewellery
 a - a ring of willpower
 j - a +6 ring of strength (left claw)
 t - a +6 ring of intelligence
Scrolls
 e - a scroll of immolation {unknown}
 h - a scroll of teleportation
 i - a scroll of amnesia
 l - a scroll of fog
 m - a scroll of butterflies
 r - a scroll of magic mapping {unknown}
 s - a scroll of silence {unknown}
 u - 2 scrolls of enchant weapon {unknown}
Potions
 o - 3 potions of flight


   Skills:
 + Level 4.3 Fighting
 + Level 3.5 Throwing
 + Level 4.1 Dodging
 + Level 0.4 Stealth
 * Level 5.8 Unarmed Combat


You had 6 spell levels left.
You didn't know any spells.
Your spell library contained the following spells:

 Spells                   Type           Power      Damage    Failure   Level
 Blink                    Tloc           0%         N/A       100%        2
 Lesser Beckoning         Tloc           0%         N/A       100%        2
 Momentum Strike          Conj/Tloc      0%         3d8       100%        2
 Olgreb's Toxic Radiance  Pois           0%         N/A       100%        4
 Ozocubu's Refrigeration  Ice            0%         4d7       100%        7
 Ignition                 Fire           0%         3d3       100%        8


Dungeon Overview and Level Annotations

Branches:
Dungeon (5/15)
 Temple: D:4-7

Altars:
Nemelex Xobeh
Xom

Shops:
D:3 [[:(


Innate Abilities, Weirdness & Mutations

You are immune to poison.
You have sharp fingernails.
Your flesh is cold resistant. (rC+)
You are immune to negative energy. (rN+++)
You do not regenerate when monsters are visible.
You are immune to unholy pain and torment.
You thrive by killing the living.


Message History

The ufetubus hits you but does no damage. x2
The adder bites you. The dart slug barely misses you.
You closely miss the ogre.
The ogre is moderately wounded.
The ufetubus hits you but does no damage.
The ufetubus closely misses you. The adder bites you but does no damage.
The ogre hits you with a +0 giant club!!
You are too injured to fight recklessly!
You are too injured to fight recklessly!
You are too injured to fight recklessly!
You are too injured to fight recklessly!
You are too injured to fight recklessly!
You are too injured to fight recklessly!
You are too injured to fight recklessly!
Okay, then.
You barely miss the ogre.
The ogre is moderately wounded.
The ufetubus hits you but does no damage. x2
The adder bites you. The dart slug bites you.
The ufetubus hits you but does no damage. x2
You claw the ogre!
The ogre is severely wounded.
The adder bites you. The ogre hits you with a +0 giant club!
* * * LOW HITPOINT WARNING * * *
The ufetubus hits you but does no damage.
The ufetubus hits you.
* * * LOW HITPOINT WARNING * * *
The dart slug misses you.
You scratch the ogre.
The ogre is severely wounded.
The adder bites you.
* * * LOW HITPOINT WARNING * * *
The ufetubus barely misses you. x2
You scratch the ufetubus.
The ufetubus is heavily wounded.
The ufetubus hits you but does no damage.
The ufetubus barely misses you. The adder bites you.
* * * LOW HITPOINT WARNING * * *
The ogre hits you with a +0 giant club!
You die...

....# #.......###
#........###.....#..#
#... #...#.....#.##
.... #.....#....#
....####..#....##...
#.......####......
#..)....## .#....
#..S.....#.. ....
##.O@.......... .
......w5..........#
....#............
.................
....#............
...##...........# ...
...........# ..
#...#.#...##


You could see an ogre, an adder, a dart slug and an ufetubus.

Vanquished Creatures
  The ghost of sircluck the Shooter, an amateur SpHu of Dithmenos (D:4)
  3 hounds
  A centaur skeleton (D:4)
  2 orc priests
  Jessica (D:3)
  A bullfrog skeleton (D:4)
  An iguana (D:4)
  An orc wizard (D:4)
  A howler monkey zombie (D:4)
  A howler monkey skeleton (D:4)
  4 adders (D:4)
  3 dart slugs
  13 orcs
  9 ball pythons
  5 endoplasms
  2 giant cockroaches (D:3)
  5 goblins
  9 hobgoblins
  4 jackals
  8 quokkas
  5 bats
  3 frilled lizards
  3 kobolds
  9 rats
95 creatures vanquished.

Notes
Turn   | Place    | Note
-------+----------+-------------------------------------------
     0 | D:1      | retardedninja the Ghoul Gladiator began the quest for the
                  | Orb.
     0 | D:1      | Reached XP level 1. HP: 17/17 MP: 0/0
   233 | D:1      | Reached XP level 2. HP: 25/25 MP: 1/1
   582 | D:1      | Reached XP level 3. HP: 23/30 MP: 2/2
  1244 | D:2      | Found a shimmering altar of Xom.
  1777 | D:3      | Found Ydux's Antique Armour Boutique.
  1872 | D:3      | Found Nucw's Antique Armour Shoppe.
  1910 | D:3      | Reached XP level 4. HP: 19/38 MP: 3/3
  2007 | D:3      | Noticed Jessica
  2019 | D:3      | Killed Jessica
  2020 | D:3      | Reached skill level 4 in Unarmed Combat
  2064 | D:3      | Found Oploqoc's Book Boutique.
  2118 | D:3      | Found a sparkling altar of Nemelex Xobeh.
  2260 | D:3      | Reached XP level 5. HP: 45/45 MP: 4/4
  2380 | D:3      | Found Luesov's Weapon Shop.
  2860 | D:4      | Found a runed translucent gate.
  2860 | D:4      | Found a runed translucent gate.
  2860 | D:4      | Found a runed translucent gate.
  2873 | D:4      | Noticed sircluck's ghost (amateur SpHu)
  2890 | D:4      | Killed sircluck's ghost
  2891 | D:4      | Reached skill level 5 in Unarmed Combat
  2891 | D:4      | Reached XP level 6. HP: 44/52 MP: 5/5
  3176 | D:4      | Reached XP level 7. HP: 40/59 MP: 6/6
  3898 | D:5      | Entered Level 5 of the Dungeon
  3961 | D:5      | Slain by an ogre

Illustrated notes

Levels and vault maps discovered:
D:1:      giann_wishing_wells, layout_basic, feat_on_display
D:2:      layout_basic, basic_altar
D:3:      layout_loops_ring, nemelex_diamond_rough_becter, serial_shops,
          nicolae_shop_statue_plus, nicolae_shop_crystal, shop,
          nicolae_shop_crystal, chequers_serial_rivers_room_b,
          corexii_hall_statues_i, corexii_corridor_pit,
          minmay_increasing_density, uniq_jessica
D:4:      layout_basic, gammafunk_ghost_necromancy,
          ebering_dispersal_statue_hall, chequers_hall_statues_corner_a,
          minivault_11, chequers_serial_rivers_large_a
D:5:      layout_cave_pools, amethyst_killhole

Skill      XL: |  1  2  3  4  5  6 |
---------------+-------------------+-----
Throwing       | 2 3 |  3.5
Dodging        | 3 4 |  4.1
Fighting       | 3 4 |  4.3
Unarmed Combat | 4 5 |  5.8
Stealth        | |  0.4

Action                     |  1- 3 |  4- 6 |  7- 9 || total
---------------------------+-------+-------+-------++-------
  Melee: Unarmed           |   107 |   140 |    50 ||   297
         Punch             |     2 |     3 |       ||     5
  Throw: Throwing net      |       |     5 |       ||     5
    Use: Scroll            |     6 |     1 |     5 ||    12
         Potion            |       |     4 |       ||     4
 Armour: Leather armour    |    21 |       |       ||    21
         Plate armour      |     5 |   141 |    62 ||   208
  Dodge: Dodged            |    58 |    75 |    41 ||   174

Table legend: (Time is in decaauts)
 A = Elapsed time spent in this place.
 B = Non-inter-level travel time spent in this place.
 C = Inter-level travel time spent in this place.
 D = Time resting spent in this place.
 E = Time spent auto-exploring this place.
 F = Levels seen in this place.
 G = Mean time per level.
                   A        B        C        D        E       F      G
               +--------+--------+--------+--------+--------+-----+--------+
         Total |   3949 |   3801 |    148 |    386 |   2800 |   5 |  789.8 |
       Dungeon |   3949 |   3801 |    148 |    386 |   2800 |   5 |  789.8 |
               +--------+--------+--------+--------+--------+-----+--------+

Top non-repeatable levels by time:
     D:4: 1202 daAuts
     D:3: 916 daAuts
     D:2: 909 daAuts
     D:1: 861 daAuts
     D:5: 59 daAuts
